 BcadrenCrawl: Boulder Brew version 0.06-240-gf756cca71e (webtiles) character file.

Game seed: 16853744300361826694, levelgen mode: deterministic

94 gruber the Chiller (level 4, -2/24 HPs) Deep Elf Ice Elementalist. Began on Aug 14, 2022. Slain by a kobold ... wielding a +1 short sword of venom (7 damage) ... on level 1 of the Dungeon. The game lasted 00:02:16 (305 turns).

gruber the Chiller (Deep Elf Ice Elementalist)       Turns: 305, Time: 00:02:17

Health: -2/24      AC:  2    Str:  5    XL:     4 ^: 61
Magic:  12/12      EV: 13    Int: 21    God:
Gold:   28         SH:  0    Dex: 15    Spells: 9/12 levels left

rFire    . . .     Slash    x   (no weapon)
rCold    . . .     Pierce   .   (no weapon)
rNeg     . . .     Bludgeon .   a - +0 robe
rCorr    . . .     Vision   .   (no helmet)
rPois    .         Gourm    .   (no cloak)
rElec    .         Faith    .   (no gloves)
MR       .....     Spirit   .   (no boots)
HPRegen  0.18/turn Reflect  .   (no amulet)
MPRegen  0.22/turn Harm     .   (no ring)
Stlth    ++........             (no ring)

@: lethally poisoned (-2 -> -9)
A: soft flesh
a: no special abilities


You were on level 1 of the Dungeon.
You were not hungry.

You visited 1 branch of the dungeon, and saw 2 of its levels.

You collected 28 gold pieces.

Inventory:

Armour
 a - a +0 robe (worn)
Comestibles
 c - a ration


   Skills:
 - Level 2.4 Dodging
 - Level 2.4 Stealth
 + Level 4.6 Spellcasting
   Level 1.1 Summonings
 + Level 4.9 Ice Magic


You had 9 spell levels left.
You knew the following spells:

 Your Spells              Type           Power        Failure   Level  Hunger
a - Freeze                Ice            25 (25)      1%          1    0
b - Throw Frost           Ice            25 (50)      2%          2    0-22

Your spell library contained the following spells:

 Spells                   Type           Power        Failure   Level  Hunger
 Ozocubu's Armour Chrm/Ice 15 (100) 12% 3 22-82 Hailstorm Ice 25 (100) 14% 4 102-202 Throw Icicle Ice 25 (100) 14% 4 102-202 Summon Ice Beast Ice/Summ       17 (100)     32%         4    102-202


Dungeon Overview and Level Annotations

Branches:
Dungeon (2/8)

Altars:


Innate Abilities, Weirdness & Mutations

Your soft flesh is weak to deep cuts.
Heavy manmade armour will nullify this weakness. (rSlashing-)


Message History

You freeze the kobold (9)!
You kill the kobold!
Unknown command.
You enter the shallow water.
Moving in this stuff is going to be slow.
Your magical contamination has completely faded away.
The kobold hits you with a +1 short sword of venom (4).
* * * LOW HITPOINT WARNING * * *
The kobold hits you with a +0 targe (3).
* * * LOW HITPOINT WARNING * * *
Items here: ) = ††††
There is a stone staircase leading down here.
You climb downwards.
The crocodile barely misses the slimehead.
There is a stone staircase leading up here.
You climb upwards.
The kobold hits you but does no damage.
You are lethally poisoned!
The kobold barely misses you.
The kobold hits you with a +1 short sword of venom (7)!
You die...

#........## ##..#
.........#####..##
...........].#.##
#............r.#
#........#r....#
#........#†###K#
#........#.###)#
..###.####..##.#####
####..# #.....K@≈.#
≈≈≈...# #......≈≈.#
≈≈≈...####.........#
r≈≈.#.K............#
####..#..#.........#
.......############
..#.....# # ##.....
##.#..


You could see a kobold.

Vanquished Creatures
  5 giant cockroaches (D:1)
  A cinder newt (D:1)
  2 leopard geckos (D:1)
  A ball python (D:1)
  2 goblins
  A hobgoblin (D:1)
  2 kobolds (D:1)
  5 rats (D:1)
19 creatures vanquished.

Notes
Turn   | Place    | Note
-------+----------+-------------------------------------------
     0 | D:1      | gruber the Deep Elf Ice Elementalist began the quest for
                  | the Orb.
     0 | D:1      | Reached XP level 1. HP: 10/10 MP: 6/6
    41 | D:1      | Reached XP level 2. HP: 7/15 MP: 5/8
    91 | D:1      | Learned a level 2 spell: Throw Frost
   122 | D:1      | Reached XP level 3. HP: 19/19 MP: 0/10
   204 | D:2      | Noticed a crocodile
   273 | D:1      | Reached XP level 4. HP: 6/24 MP: 7/12
   283 | D:1      | HP: 1/24 [kobold/+1 short sword of venom (3)]
   305 | D:1      | Slain by a kobold

Levels and vault maps discovered:
D:1:      lightli_arrival_chessboard, layout_rooms, minmay_worlds_worst_comb,
          portal_sewer_entry_f
D:2:      layout_sewer, bcadren_lemuel_inverted_doored_altar,
          nemelex_dance_club_becter

Skill      XL: |  1  2  3 |
---------------+----------+-----
Ice Magic      | 4 |  4.9
Spellcasting   | 4 |  4.6
Dodging        | |  2.4
Stealth        | |  2.4
Summonings     | |  1.1

Action                   |  1- 3 |  4- 6 || total
-------------------------+-------+-------++-------
Melee: Unarmed           |     7 |       ||     7
 Cast: Freeze            |    21 |     3 ||    24
       Throw Frost       |     5 |       ||     5
Armor: Robe              |     4 |     1 ||     5
Dodge: Dodged            |    12 |     1 ||    13
